AoeStats
← BogeyXXS

Arena

509653105Analyzed
1v1 RM · 6d ago on Sep 27, 2026· 148m 58s· 2 players
Game mode
Random Map
Map size
Tiny (2 player)
Population
200
Speed
Normal
Resources
Standard
Victory
Conquest
Starting age
Dark Age
Ending age
Imperial Age
RankedLock teamsTeams togetherTeam positionsShared explorationLock speedFull tech treeHidden civsTurbo modeCheats
Victory
Defeat
712
+17
🇪🇸 Teutons · Spain
729
-17
Rafael, o rapaz do Corcel
11:37 Feudal Age
12:27 Double-Bit Axe
12:48 Horse Collar
18:33 Castle Age
18:09 Fletching
18:14 Stone Mining
20:37 Padded Archer Armor
21:02 Squires
22:13 Bodkin Arrow
23:24 Gold Mining
30:10 Imperial Age
27:28 Loom
28:29 Bow Saw
29:49 Leather Archer Armor
30:30 Ballistics
30:06 Murder Holes
31:25 Heavy Scorpion
32:30 Conscription
32:55 Gold Shaft Mining
34:33 Chemistry
33:39 Crossbowman
35:33 Ring Archer Armor
35:45 Siege Engineers
40:17 Bracer
40:45 Yeomen
39:49 Elite Longbowman
40:11 Arbalester
49:08 Warwolf
58:04 Wheelbarrow
57:29 Elite Skirmisher
73:18 Scale Barding Armor
76:01 Light Cavalry
79:01 Chain Barding Armor
78:51 Forging
79:46 Husbandry
82:47 Iron Casting
82:47 Plate Barding Armor
94:31 Blast Furnace
99:45 Capped Ram
107:32 Scale Mail Armor
115:35 Chain Mail Armor
BogeyXXS
3:09 Loom
9:31 Feudal Age
9:58 Double-Bit Axe
9:56 Horse Collar
12:15 Wheelbarrow
18:55 Castle Age
19:47 Bow Saw
19:40 Heavy Plow
21:12 Squires
23:48 Man-at-Arms
24:20 Elite Skirmisher
25:40 Hand Cart
27:07 Town Watch
29:59 Ballistics
29:58 Forging
29:39 Fletching
31:02 Ironclad
34:08 Imperial Age
31:45 Scale Mail Armor
32:23 Gambesons
32:59 Chain Mail Armor
32:42 Bodkin Arrow
33:37 Bloodlines
33:57 Padded Archer Armor
35:18 Crenellations
35:22 Conscription
36:36 Chemistry
35:42 Siege Engineers
35:49 Masonry
35:37 Cavalier
38:12 Elite Teutonic Knight
41:04 Leather Archer Armor
41:21 Plate Mail Armor
40:21 Pikeman
57:22 Iron Casting
56:54 Scale Barding Armor
73:25 Blast Furnace
84:21 Ring Archer Armor
85:05 Halberdier
85:34 Arson
101:08 Two-Man Saw
119:08 Chain Barding Armor
131:10 Crop Rotation
Connection lost

Rejoining the realm…

Still unreachable

The connection could not be restored.

Session expired

The server has moved on; the page needs a fresh start.